 Dungeon Crawl Stone Soup version 0.27-a0-1331-g60ef6b6952 (webtiles) character file.

Game seed: 1515473005661027440

986 Ijustatesigmund the Chopper (level 8, -2/55 HPs)
             Began as an Octopode Fighter on June 25, 2021.
             Slain by an orc warrior (9 damage)
             ... on level 5 of the Dungeon.
             The game lasted 00:09:35 (7115 turns).

Ijustatesigmund the Chopper (Octopode Fighter)      Turns: 7115, Time: 00:09:36

Health: -2/55      AC:  1    Str: 16    XL:     8   Next: 18%
Magic:  8/8        EV: 12    Int: 12    God:
Gold:   198        SH:  9    Dex: 11    Spells: 7/7 levels left

rFire    . . .     SeeInvis +   l - +10 falchion "Wioqext" {vorpal, Will+ SInv}
rCold    + . .     Faith    .   b - +0 kite shield
rNeg     . . .     Spirit   .   (helmet restricted)
rPois    .         Reflect  .   (no amulet)
rElec    .         Harm     .   i - ring of protection from cold
rCorr    .         Rampage  .   (no ring)
Will     +....                  (no ring)
Stlth    +++.......             (no ring)
HPRegen  0.18/turn              (no ring)
MPRegen  0.11/turn              (no ring)
                                (no ring)
                                (no ring)

@: no status effects
A: almost no armour, amphibious, 8 rings, camouflage 1, gelatinous body 1,
(nimble swimmer 1), tentacles
a: no special abilities


You were on level 5 of the Dungeon.
You visited 2 branches of the dungeon, and saw 6 of its levels.

You collected 198 gold pieces.

Inventory:

Hand Weapons
 a - a +0 war axe of electrocution
 l - the +10 falchion "Wioqext" (weapon) {vorpal, Will+ SInv}
   (You found it on level 4 of the Dungeon)

   It inflicts extra damage upon your enemies.
   It lets you see invisible.
   It increases your willpower.
Missiles
 f - 43 poisoned darts (quivered)
Armour
 b - a +0 kite shield (worn)
Jewellery
 i - a ring of protection from cold (left tentacle)
Wands
 c - a wand of polymorph (8)
 g - a wand of digging (5)
Scrolls
 k - 2 scrolls of identify
 m - a scroll of enchant weapon {unknown}
 o - a scroll of immolation
 p - a scroll of teleportation {unknown}
Potions
 d - a potion of flight
 e - a potion of invisibility
 h - a potion of lignification
 j - a potion of curing {unknown}
 n - 2 potions of mutation {unknown}


   Skills:
 + Level 5.2 Fighting
 + Level 1.9 Long Blades
 - Level 5.2 Axes
 + Level 2.3 Throwing
 - Level 4.5 Dodging
 + Level 3.5 Stealth
 - Level 4.3 Shields


You had 7 spell levels left.
You didn't know any spells.
Your spell library contained the following spells:

 Spells                   Type           Power      Damage    Failure   Level
 Sting                    Tmut/Pois      0%         1d3       78%         1
 Poisonous Vapours        Pois/Air       0%         N/A       89%         2
 Ignite Poison            Fire/Tmut/Pois 0%         N/A       98%         3
 Mephitic Cloud           Conj/Pois/Air  0%         N/A       98%         3
 Olgreb's Toxic Radiance  Pois           0%         N/A       100%        4


Dungeon Overview and Level Annotations

Branches:
Dungeon (5/15)             Temple (1/1) D:4

Altars:
Ashenzari
Cheibriados
Dithmenos
Elyvilon
Gozag
Hepliaklqana
Kikubaaqudgha
Okawaru
Qazlal
Ru
Sif Muna
Uskayaw
Vehumet
Wu Jian
Yredelemnul
Zin


Innate Abilities, Weirdness & Mutations

You cannot wear most types of armour.
You are amphibious.
You can wear up to eight rings at the same time.
Your skin changes colour to match your surroundings (Stealth+).
Your rubbery body absorbs attacks. (AC +1, EV +1)
((You are camouflaged near water. (Stealth+)))
You have tentacles for arms and can constrict up to eight enemies at once.


Message History

Items here: )) [ †.
You open the door.
There is a stone staircase leading up here.
Found an escape hatch in the ceiling.
An orc warrior comes into view. It is wielding a +0 scimitar.
An orc wizard comes into view. It is wielding a +0 dagger.
Found 14 gold pieces.
An orc comes into view. It is wielding a +0 club.
The orc wizard shouts!
You barely miss the orc wizard.
The orc shouts!
Your grab misses the orc wizard. You block the orc wizard's attack.
You hit the orc wizard. Your grab misses the orc wizard.
The orc wizard is lightly wounded.
The orc wizard hits you with a +0 dagger.
You slash the orc wizard! Your grab misses the orc wizard.
The orc wizard is severely wounded.
The orc wizard hits you with a +0 dagger. x2
The orc warrior hits you with a +0 scimitar!!
You are too injured to fight recklessly!
You are too injured to fight recklessly!
You are too injured to fight recklessly!
You are too injured to fight recklessly!
You slash the orc warrior! You grab the orc warrior.
The orc warrior is heavily wounded.
You constrict the orc warrior. The orc wizard casts a spell at you.
The puff of flame misses you. The orc warrior closely misses you.
You riposte.
You hit the orc warrior but do no damage.
The orc warrior is heavily wounded.
You hit the orc wizard.
You kill the orc wizard!
You constrict the orc warrior, but do no damage.
You block the orc's attack.
The orc warrior hits you with a +0 scimitar!
* * * LOW HITPOINT WARNING * * *
The orc hits you with a +0 club.
* * * LOW HITPOINT WARNING * * *
The orc warrior hits you with a +0 scimitar!
You die...

#.#####.########### #.
## #.# #............
##. .# #.##
#.<.......... #<. .#
#<.#####........... #.<
'###......#...........
#..
....).........#######.
#.. ........#.......#
##..
..#.#.....##....###
#.#+
..#.#.######....@o#
#.#. '##.#.#
#.....o)...# #.##
......# #..........#
#... ..##..#
#..........##########..
..##..###
#....$.....#...........
........#
#..........#..........#
.....####
#..........#..........#
+###.#
#..........#..........#
#.##### #........>.#


You could see an orc warrior and an orc.

Vanquished Creatures
  A water moccasin (D:4)
  Duvessa (D:4)
  An orc warrior (D:4)
  A sky beast (D:5)
  An ogre (D:4)
  Dowan (D:4)
  A jelly (D:3)
  3 hounds (D:4)
  An orc priest (D:3)
  2 orc wizards (D:5)
  A scorpion zombie (D:4)
  Ijyb (D:4)
  An iguana (D:4)
  Robin (D:2)
  4 gnolls
  4 adders
  3 worms
  8 orcs
  6 endoplasms
  3 giant cockroaches
  14 goblins
  5 hobgoblins
  15 jackals
  3 quokkas
  9 ball pythons
  12 bats
  3 frilled lizards
  4 kobolds
  3 rats
113 creatures vanquished.

Notes
Turn   | Place    | Note
-------+----------+-------------------------------------------
     0 | D:1      | Ijustatesigmund the Octopode Fighter began the quest for
                  | the Orb.
     0 | D:1      | Reached XP level 1. HP: 16/16 MP: 1/1
   309 | D:1      | Reached XP level 2. HP: 19/21 MP: 2/2
   875 | D:1      | Found a faded altar of an unknown god.
   979 | D:2      | Reached XP level 3. HP: 21/26 MP: 3/3
  1854 | D:2      | Noticed Robin
  1861 | D:2      | Reached XP level 4. HP: 22/31 MP: 4/4
  1865 | D:2      | Killed Robin
  2861 | D:3      | Reached XP level 5. HP: 21/36 MP: 5/5
  4247 | D:4      | Noticed an ogre
  4356 | D:4      | Killed an ogre
  4357 | D:4      | Reached XP level 6. HP: 27/43 MP: 6/6
  4682 | D:4      | Noticed an orc warrior
  4879 | D:4      | Noticed Ijyb
  4885 | D:4      | Killed Ijyb
  4921 | D:4      | Reached XP level 7. HP: 48/48 MP: 7/7
  4953 | D:4      | Found a staircase to the Ecumenical Temple.
  4962 | Temple   | Entered the Ecumenical Temple
  5151 | D:5      | Entered Level 5 of the Dungeon
  5160 | D:5      | Reached skill level 5 in Axes
  5434 | D:4      | Reached skill level 1 in Stealth
  5436 | D:4      | Reached skill level 1 in Throwing
  5442 | D:4      | Identified the +10 falchion "Wioqext" {vorpal, Will+ SInv}
  5744 | D:4      | Noticed Duvessa
  5746 | D:4      | Noticed Dowan
  5757 | D:4      | Killed Duvessa
  5758 | D:4      | Reached skill level 1 in Long Blades
  5771 | D:4      | Killed Dowan
  5772 | D:4      | Reached skill level 5 in Fighting
  5772 | D:4      | Reached XP level 8. HP: 11/55 MP: 8/8
  7115 | D:5      | Slain by an orc warrior

Illustrated notes

Levels and vault maps discovered:
D:1:      dpeg_arrival_arbitrary_b, layout_basic,
          hellmonk_ecumenical_altar_run_dry
D:2:      layout_loops_ring, st_stairs_10, uniq_robin
D:3:      layout_rooms
D:4:      layout_basic, minmay_temple_entry_trees, serial_glass,
          glass_columns_a, glass_columns_b, glass_columns_c, glass_columns_a,
          glass_columns_a, glass_columns_b, glass_columns_c, glass_columns_b,
          glass_columns_c, glass_columns_a, glass_columns_c, glass_columns_c,
          glass_columns_c, glass_columns_a, hangedman_decor_points,
          minmay_divided_ellipse, uniq_duvessa, uniq_ijyb
D:5:      layout_basic, lightli_temple_of_fire, lemuel_crystal_altar
Temple:   regret_index_temple_sphere_string

Skill      XL: |  1  2  3  4  5  6  7 |
---------------+----------------------+-----
Axes           | 3 4 5 |  5.2
Fighting       | 4 5 |  5.2
Dodging        | 4 |  4.5
Shields        | 4 |  4.3
Stealth        | 3 |  3.5
Throwing       | 2 |  2.3
Long Blades    | 1 |  1.9

Action                   |  1- 3 |  4- 6 |  7- 9 || total
-------------------------+-------+-------+-------++-------
Melee: War axe           |    72 |    86 |    13 ||   171
       Constrict         |    19 |    27 |    11 ||    57
       Tentacles         |    12 |    13 |     7 ||    32
       Falchion          |       |       |    36 ||    36
Throw: Dart              |     2 |     2 |     8 ||    12
  Use: Scroll            |     2 |     4 |       ||     6
       Potion            |       |     1 |     2 ||     3
 Stab: Sleeping          |     3 |     2 |     1 ||     6
Armor: Skin              |     8 |    12 |    10 ||    30
Dodge: Dodged            |    48 |    61 |    18 ||   127
Block: Kite shield       |    35 |    52 |    25 ||   112
       Rpst.: Falchion   |       |       |     4 ||     4

Table legend: (Time is in decaauts)
 A = Elapsed time spent in this place.
 B = Non-inter-level travel time spent in this place.
 C = Inter-level travel time spent in this place.
 D = Time resting spent in this place.
 E = Time spent auto-exploring this place.
 F = Levels seen in this place.
 G = Mean time per level.
                   A        B        C        D        E       F      G
               +--------+--------+--------+--------+--------+-----+--------+
         Total |   7237 |   7077 |    160 |   3184 |   2981 |   6 | 1206.2 |
       Dungeon |   7059 |   6928 |    131 |   3184 |   2831 |   5 | 1411.8 |
        Temple |    178 |    150 |     28 |      0 |    150 |   1 |  178.0 |
               +--------+--------+--------+--------+--------+-----+--------+

Top non-repeatable levels by time:
     D:4: 2203 daAuts
     D:2: 2145 daAuts
     D:3: 1366 daAuts
     D:1: 986 daAuts
     D:5: 358 daAuts
  Temple: 178 daAuts
